 Zot Defence DCSS version 0.15.2 (webtiles) character file.

88313 hexophile the Pandemonic (level 15, -6/128 HPs)
             Began as a White Draconian Transmuter on July 26, 2015.
             Was a High Priest of Makhleb.
             Killed by divine providence
             ... invoked by a balrug
             ... summoned by the player character
              (15 damage)
             ... in the Realm of Zot (Scenario II: Battle Heart).
             The game lasted 00:13:14 (3454 turns).

hexophile the Pandemonic (DrTm)                     Turns: 3454, Time: 00:13:14

HP  -6/128       AC  9     Str 14      XL: 15   Next:  9%
MP  26/31        EV 17     Int 19      God: Makhleb [*****.]
Gold 0           SH  0     Dex 11      Spells:  2 memorised, 12 levels left

rFire  . . .     SeeInvis .       - Unarmed
rCold  + . .     Clarity  .     (armour unavailable)
rNeg   . . .     rCorr    .     (shield currently unavailable)
rPois  .         rRot     .     (helmet restricted)
rElec  .         Spirit   .     (no cloak)
SustAb .         Warding  .     (gloves currently unavailable)
rMut   .         Stasis   .     (no boots)
Gourm  .                        (no amulet)
MR     +....                    (no ring)
                                (no ring)

@: blade hands, very slightly contaminated, somewhat resistant to hostile
enchantments, very unstealthy
A: breathe frost, unfitting armour, cold resistance 1, cold-blooded, AC +9
a: Make oklob sapling, Make arrow trap, Make plant, Remove Curse, Make burning
bush, Make altar, Make grenades, Make oklob plant, Make net trap, Make ice
statue, Make spear trap, Make alarm trap, Make mushroom circle, Make bolt trap,
Make crystal statue, Make needle trap, Breathe Frost, End Transformation, Minor
Destruction, Lesser Servant of Makhleb, Major Destruction, Greater Servant of
Makhleb, Renounce Religion
}: 1/15 runes: glowing


You were in the Realm of Zot.
You worshipped Makhleb.
Makhleb was extremely pleased with you.
You were not hungry.
Your hands were blades.
You visited 1 branch

Inventory:

Missiles
 b - 56 arrows
Comestibles
 f - a bread ration
Potions
 a - a potion of curing
 g - a potion of haste
 h - 2 potions of magic
 i - a potion of berserk rage
Books
 d - a book of Changes

   Spells                             Type                      Level
   *Beastly Appendage                 Transmutation                1
   Sticks to Snakes                   Transmutation                2
   Spider Form                        Transmutation/Poison         3
   Ice Form                           Ice/Transmutation            4
   *Blade Hands                       Transmutation                5


   Skills:
 * Level 10.4 Fighting
 * Level 10.9 Dodging
 - Level 13.2 Unarmed Combat
 - Level 2.0 Spellcasting
 - Level 13.2 Transmutations
 + Level 14.0 Invocations


You had 12 spell levels left.
You knew the following spells:

 Your Spells              Type           Power        Failure   Level  Hunger
a - Beastly Appendage     Trmt           ######       8%          1    #......
b - Blade Hands           Trmt           ######....   21%         5    ######.


Dungeon Overview and Level Annotations

Branches:
    Zot (1/1)

Altars:
Makhleb


Innate Abilities, Weirdness & Mutations

You can breathe waves of freezing cold.
You can buffet flying creatures when you breathe cold.
Your icy white scales are hard (AC +9).
Your body does not fit into most forms of armour.
Your flesh is cold resistant.
Your cold-blooded metabolism reacts poorly to cold.


Message History

Your Executioner hits something!!
Makhleb accepts your collateral kill.
You feel a bit more experienced.
The black draconian rages.
You see here a short sword.
Unknown command.
Use which ability? (? or * to list)
A demon appears!
The death cob dissolves into shadows!
The yellow draconian is no longer berserk.
The yellow draconian dissolves into shadows!
The fire dragon is no longer berserk.
The fire dragon dissolves into shadows!
The death cob dissolves into shadows!
A slime creature suddenly disappears!
The red draconian zealot mumbles some strange prayers to its god.
The red draconian shifter gestures wildly while chanting.
The slime creature blinks!
The red draconian zealot blinks!
Your Executioner gestures.
Your Executioner seems to speed up.
The balrug gestures at the tentacled monstrosity.
Something smites you!
You die...

### ## ##§## .### ##§§.## ...###
###§§§..### ## .....###
###.........### ###.
.......#####.............#####...
.........##...............#......
.....###.)...................###.
....## ##...)..q@.2..)......## ##
##### #.......2J%.)(...)..# # #
#..)......)1§u).....#
#..)...3.)32).z.....#
##......d)#XDue(...##
##########(.).y)###))uu)u#######
##.........))q)### ###uuJJz......
.........####### #######.....
▓######### ######


You could see a tentacled monstrosity, a golden dragon, a black draconian
(berserk), a red draconian shifter, a red draconian zealot, a balrug, 3 ugly
things, a slime creature, a sun demon, a moth of wrath, a deep elf knight, a
smoke demon, a wight, a friendly cacodemon, a friendly balrug and a friendly
Executioner.

Vanquished Creatures
  2 very ugly things (Zot)
  Snorg (Zot)
  An orc high priest (Zot)
  A deep elf knight (Zot)
  2 deep elf conjurers (Zot)
  An orc knight (Zot)
  7 hill giants (Zot)
  4 ugly things (Zot)
  2 black mambas (Zot)
  4 trolls (Zot)
  Joseph (Zot)
  2 gargoyles (Zot)
  A boulder beetle (Zot)
  7 merfolk (Zot)
  2 two-headed ogres (Zot)
  A jumping spider (Zot)
  A trapdoor spider zombie (Zot)
  23 slime creatures (Zot)
  A black mamba zombie (Zot)
  2 nagas (Zot)
  3 trapdoor spiders (Zot)
  2 vampires (Zot)
  3 deep elf magi (Zot)
  A hill giant zombie (Zot)
  A hell hound (Zot)
  A steam dragon (shapeshifter) (Zot)
  Grum (Zot)
  A hill giant skeleton (Zot)
  A soldier ant (Zot)
  8 phantoms (Zot)
  A deep elf fighter (Zot)
  3 vampire mosquitoes (Zot)
  2 merfolk zombies (Zot)
  Menkaure (Zot)
  3 necrophages (Zot)
  A water moccasin (Zot)
  5 centaurs (Zot)
  6 orc warriors (Zot)
  4 big kobolds (Zot)
  2 ice beasts (Zot)
  A sky beast (Zot)
  A tengu skeleton (Zot)
  A yellow wasp (Zot)
  5 boggarts (Zot)
  2 ogres (Zot)
  2 black bears (Zot)
  Sigmund (Zot)
  12 giant frogs (Zot)
  A cyclops skeleton (Zot)
  7 jellies (Zot)
  9 wights (Zot)
  22 killer bees (Zot)
  2 scorpions (Zot)
  A yak skeleton (Zot)
  An elf zombie (Zot)
  7 hounds (Zot)
  3 centaur zombies (Zot)
  2 crimson imps (Zot)
  A quasit (Zot)
  2 iguanas (Zot)
  An orc priest (Zot)
  An invalid monster_type
  1000 simulacrum (Zot)
  An orc wizard (Zot)
  2 worker ants (Zot)
  2 big kobold zombies (Zot)
  A mottled dragon zombie (Zot)
  6 sheep (Zot)
  A naga skeleton (Zot)
  11 adders (Zot)
  2 shadow imps (Zot)
  13 gnolls (Zot)
  2 green rats (Zot)
  4 giant mites (Zot)
  An adder zombie (Zot)
  A giant gecko (Zot)
  3 oozes (Zot)
  15 orcs (Zot)
  2 ball pythons (Zot)
  2 bat skeletons (Zot)
  A bat zombie (Zot)
  6 giant cockroaches (Zot)
  2 giant mite zombies (Zot)
  7 hobgoblins (Zot)
  16 jackals (Zot)
  9 bats (Zot)
  2 giant newts (Zot)
  A giant newt zombie (Zot)
  A giant spore (Zot)
  16 goblins (Zot)
  A goblin skeleton (Zot)
  A jackal skeleton (Zot)
  18 kobolds (Zot)
  2 kobold zombies (Zot)
  An orc skeleton (Zot)
  4 orc zombies (Zot)
  9 quokkas (Zot)
  15 rats (Zot)
  A rat skeleton (Zot)
  7 rat zombies (Zot)
  A butterfly (Zot)
391 creatures vanquished.

Vanquished Creatures (collateral kills)
  A very ugly thing (Zot)
  A very ugly thing skeleton (Zot)
  An unseen horror (Zot)
  3 deep elf knights (Zot)
  7 slime creatures (Zot)
  An ice devil (Zot)
  2 hellions (Zot)
  A wizard (Zot)
  2 ugly things (Zot)
  A sixfirhy (Zot)
  An octopode (shapeshifter) (Zot)
  A fire dragon zombie (Zot)
  A hellwing (Zot)
  A jumping spider (Zot)
  A deep elf priest (Zot)
  Sonja (Zot)
  A baby alligator (Zot)
  6 deep elf magi (Zot)
  4 redbacks (Zot)
  A hill giant zombie (Zot)
  4 deep elf fighters (Zot)
  A warg (Zot)
  A merfolk skeleton (Zot)
  An orc warrior (Zot)
  An ice beast (Zot)
  A guardian golem (Zot)
  A sky beast (Zot)
  2 phantoms (Zot)
  2 boggarts (Zot)
  2 centaurs (Zot)
  A troll zombie (Zot)
  6 jellies (Zot)
  A hound (Zot)
  A two-headed ogre zombie (Zot)
  A black bear skeleton (Zot)
  2 orc wizards (Zot)
  A hound skeleton (Zot)
  A mummy (Zot)
  A shadow imp (Zot)
  An iguana zombie (Zot)
  4 orcs (Zot)
  4 jackals (Zot)
  A bat (Zot)
  A hobgoblin zombie (Zot)
  2 kobold zombies (Zot)
  A crawling corpse (Zot)
83 creatures vanquished.

Vanquished Creatures (others)
  A tarantella (Zot)
  A worker ant (Zot)
  A crawling corpse (Zot)
3 creatures vanquished.

Grand Total: 477 creatures vanquished

Notes
Turn   | Place    | Note
--------------------------------------------------------------
     0 | Zot      | hexophile, the Draconian Transmuter, began the quest for the Orb.
     0 | Zot      | Reached XP level 1. HP: 16/16 MP: 3/3
   202 | Zot      | Reached XP level 2. HP: 23/23 MP: 4/4
   228 | Zot      | Noticed Stevuew
   305 | Zot      | Killed Stevuew the big kobold
   305 | Zot      | Reached skill level 5 in Transmutations
   305 | Zot      | Reached XP level 3. HP: 28/28 MP: 6/6
   305 | Zot      | Reached XP level 4. HP: 35/35 MP: 7/7
   305 | Zot      | Reached XP level 5. HP: 40/40 MP: 9/9
   332 | Zot      | Reached skill level 6 in Transmutations
   415 | Zot      | Reached XP level 6. HP: 44/47 MP: 10/10
   475 | Zot      | Became a worshipper of Makhleb the Destroyer
   542 | Zot      | Reached skill level 7 in Transmutations
   542 | Zot      | Your scales start taking on an icy white colour.
   542 | Zot      | Gained mutation: Your flesh is cold resistant. [draconian maturity]
   542 | Zot      | Reached XP level 7. HP: 52/52 MP: 12/12
   618 | Zot      | Learned a level 5 spell: Blade Hands
   659 | Zot      | Acquired Makhleb's first power
   679 | Zot      | Reached skill level 8 in Transmutations
   705 | Zot      | Noticed Sigmund
   713 | Zot      | Killed Sigmund
   742 | Zot      | Reached skill level 9 in Transmutations
   756 | Zot      | Got a glowing rune of Zot
   804 | Zot      | Noticed Menkaure
   826 | Zot      | Killed Menkaure
   826 | Zot      | Reached XP level 8. HP: 59/59 MP: 13/13
   928 | Zot      | Acquired Makhleb's second power
  1054 | Zot      | Reached skill level 5 in Unarmed Combat
  1110 | Zot      | Reached skill level 10 in Transmutations
  1218 | Zot      | Reached XP level 9. HP: 64/64 MP: 5/14
  1234 | Zot      | Acquired Makhleb's third power
  1336 | Zot      | Noticed Grum
  1367 | Zot      | Killed Grum
  1367 | Zot      | Reached skill level 11 in Transmutations
  1495 | Zot      | Reached XP level 10. HP: 55/71 MP: 11/16
  1499 | Zot      | Reached skill level 12 in Transmutations
  1599 | Zot      | Reached skill level 10 in Unarmed Combat
  1693 | Zot      | Reached skill level 13 in Transmutations
  1753 | Zot      | Reached XP level 11. HP: 77/77 MP: 17/17
  1772 | Zot      | Reached skill level 1 in Invocations
  1812 | Zot      | Noticed a storm dragon
  1812 | Zot      | Noticed a tentacled monstrosity
  1814 | Zot      | Noticed a tentacled monstrosity
  1820 | Zot      | Acquired Makhleb's fourth power
  1847 | Zot      | Reached skill level 5 in Invocations
  1898 | Zot      | Noticed a hill giant
  1911 | Zot      | Killed a hill giant
  1925 | Zot      | Noticed a hill giant
  1939 | Zot      | Killed a hill giant
  1953 | Zot      | Reached XP level 12. HP: 83/83 MP: 23/25
  2001 | Zot      | Reached skill level 10 in Invocations
  2221 | Zot      | Acquired Makhleb's fifth power
  2346 | Zot      | Reached skill level 5 in Dodging
  2365 | Zot      | Reached XP level 13. HP: 89/89 MP: 28/28
  2500 | Zot      | Noticed a cyan very ugly thing
  2507 | Zot      | Noticed a cyan very ugly thing
  2544 | Zot      | Killed a red very ugly thing
  2553 | Zot      | Killed a green very ugly thing
  2597 | Zot      | Reached skill level 5 in Fighting
  2606 | Zot      | Noticed Joseph
  2650 | Zot      | Killed Joseph
  2735 | Zot      | Noticed Snorg
  2758 | Zot      | Killed Snorg
  2794 | Zot      | Reached XP level 14. HP: 100/110 MP: 24/30
  2984 | Zot      | Noticed an electric golem
  2987 | Zot      | Noticed a tentacled monstrosity
  2989 | Zot      | Noticed a tentacled monstrosity
  2999 | Zot      | Noticed a tentacled monstrosity
  3231 | Zot      | Reached skill level 10 in Dodging
  3322 | Zot      | Killed Sonja
  3403 | Zot      | Reached skill level 10 in Fighting
  3403 | Zot      | Reached XP level 15. HP: 123/126 MP: 27/31
  3413 | Zot      | Reached skill level 14 in Invocations
  3431 | Zot      | Noticed a tentacled monstrosity
  3446 | Zot      | Noticed a golden dragon
  3454 | Zot      | Killed from afar by a balrug

Action                   |  1- 3 |  4- 6 |  7- 9 | 10-12 | 13-15 || total
-------------------------+-------+-------+-------+-------+-------++-------
Melee: Unarmed           |    99 |   166 |   624 |   595 |   542 ||  2026
 Cast: Beastly Appendage |     1 |       |       |       |       ||     1
       Blade Hands       |       |       |     5 |    11 |    20 ||    36
Invok: Minor Destruction |       |       |       |     1 |       ||     1
       Greater Servant o |       |       |       |       |     9 ||     9
       Major Destruction |       |       |       |       |    12 ||    12
 Abil: Make altar        |       |     1 |       |       |       ||     1
       Breathe Frost     |       |       |       |     1 |     1 ||     2
  Use: Potion            |       |       |       |       |     3 ||     3
       Scroll            |       |       |       |       |     1 ||     1
 Stab: Distracted        |       |       |       |       |     3 ||     3
